 Dungeon Crawl Stone Soup version 0.29.1-1-gd02db6906a (webtiles) character file.

Game seed: 2168274273022026937

424 virigoth the Digger (level 6, -12/32 HPs)
             Began as a Gargoyle Earth Elementalist on Sept 19, 2022.
             Mangled by an ogre
             ... wielding a +0 giant club
              (19 damage)
             ... on level 4 of the Dungeon.
             The game lasted 00:22:23 (3404 turns).

virigoth the Digger (Gargoyle Earth Elementalist)   Turns: 3404, Time: 00:22:25

Health: -12/32     AC: 11    Str: 12    XL:     6   Next: 96%
Magic:  12/13      EV: 11    Int: 17    God:
Gold:   91         SH:  0    Dex: 10    Spells: 10/14 levels left

rFire   . . .      SeeInvis .   E - +0 flail
rCold   + . .      Faith    .   (no shield)
rNeg    + . .      Spirit   .   t - +0 robe
rPois   ∞          Reflect  .   (no helmet)
rElec   +          Harm     .   (no cloak)
rCorr   .          Rampage  .   u - +0 pair of gloves
Will    .....                   (no boots)
Stlth   ++........              (no amulet)
HPRegen 0.10/turn               D - ring of protection from cold
MPRegen 0.13/turn               C - +4 ring of protection

@: no status effects
A: sickness immunity, AC +4, negative energy resistance 1, electricity
resistance, torment resistance 1, petrification resistance
a: no special abilities


You were on level 4 of the Dungeon.
You visited 2 branches of the dungeon, and saw 5 of its levels.

You collected 91 gold pieces.

Inventory:

Hand Weapons
 d - a +0 dagger
 E - a +0 flail (weapon)
Armour
 l - a +0 ring mail
 t - a +0 robe (worn)
 u - a +0 pair of gloves (worn)
Magical Staves
 i - a staff of cold
Jewellery
 q - a +4 ring of evasion
 C - a +4 ring of protection (right hand)
 D - a ring of protection from cold (left hand)
Scrolls
 a - a scroll of blinking {unknown}
 f - 2 scrolls of amnesia {unknown}
 h - a scroll of fear {unknown}
 j - 3 scrolls of noise {unknown}
 k - 2 scrolls of magic mapping {unknown}
 m - 8 scrolls of teleportation
 o - 2 scrolls of vulnerability {unknown}
 y - a scroll of butterflies {unknown}
 B - a scroll of immolation {unknown}
Potions
 b - a potion of magic
 c - a potion of berserk rage {unknown}
 e - 4 potions of curing
 g - a potion of lignification {unknown}
 n - 3 potions of heal wounds {unknown}
 p - a potion of might {unknown}
 r - 3 potions of haste {unknown}
 s - a potion of mutation {unknown}
 v - a potion of brilliance {unknown}
 w - a potion of attraction {unknown}
 x - a potion of ambrosia {unknown}
 z - a potion of flight {unknown}
 A - a potion of degeneration {unknown}


   Skills:
 - Level 1.5 Dodging
 - Level 2.1 Stealth
 * Level 4.7 Spellcasting
 + Level 1.2 Conjurations
 - Level 0.7 Transmutations
 * Level 6.7 Earth Magic


You had 10 spell levels left.
You knew the following spells:

 Your Spells              Type           Power      Damage    Failure   Level
a - Sandblast             Erth           54%        2d13      1%          1
b - Stone Arrow           Conj/Erth      34%        3d9       9%          3

Your spell library contained the following spells:

 Spells                   Type           Power      Damage    Failure   Level
 Passwall                 Tmut/Erth      13%        N/A       4%          2
 Shock                    Conj/Air       24%        1d4       12%         1
 Petrify                  Tmut/Erth      16%        N/A       30%         4
 Gell's Gravitas          Tloc           4%         N/A       41%         3
 Swiftness                Air            4%         N/A       41%         3
 Teleport Other           Tloc           4%         N/A       41%         3
 Airstrike                Air            2%         2d(1-17)  82%         4
 Dispersal                Tloc           2%         N/A       100%        6


Dungeon Overview and Level Annotations

Branches:
Dungeon (4/15)             Temple (1/1) D:4

Altars:
Ashenzari
Cheibriados
Dithmenos
Elyvilon
Gozag
Hepliaklqana
Nemelex Xobeh
Okawaru
Qazlal
Ru
Sif Muna
Trog
Uskayaw
Wu Jian
Xom
Yredelemnul
Zin
The Shining One

Shops:
D:2 =


Innate Abilities, Weirdness & Mutations

You are immune to sickness and miasma.
Your stone body is resilient. (AC +4)
You are immune to poison.
You resist negative energy. (rN+)
You are resistant to electric shocks. (rElec)
You are resistant to unholy torment.
You are immune to petrification.


Message History

You closely miss the adder.
The adder is almost dead.
The adder bites you but does no damage. x2
You closely miss the adder.
The adder is almost dead.
The adder bites you but does no damage. x2
You sock the adder!
You kill the adder!
No target in view!
HP restored.
An ogre comes into view. It is wielding a +0 giant club.
The ogre shouts!
You thump the ogre!
The ogre is moderately wounded.
The ogre barely misses you.
You hit the ogre but do no damage.
The ogre is moderately wounded.
The ogre barely misses you.
You sock the ogre!
The ogre is severely wounded.
The ogre hits you with a +0 giant club.
You barely miss the ogre.
The ogre is severely wounded.
The ogre barely misses you.
You hit the ogre.
The ogre is severely wounded.
The ogre hits you with a +0 giant club!!
Ouch! That really hurt!
* * * LOW HITPOINT WARNING * * *
You are too injured to fight recklessly!
Casting: Sandblast (safe; 1% risk of failure)
Confirm with . or Enter, or press ? or * to list all spells.
Aiming: Sandblast (safe; 1% risk of failure)
Press: ? - help, Shift-Dir - straight line, f - ogre
Aim: an ogre, wielding a +0 giant club (severely wounded, 92% to hit)
The blast of sand hits the ogre.
The ogre is severely wounded.
The ogre hits you with a +0 giant club!!
Ouch! That really hurt!
You die...

############
######........... #
#..).....)...##.# .#
#..###.#####.##.# #.####
#......# # #.###......
##...#..# #. #.#........
........# #.##O#........
.8(8.8..#####...@#........
..⌠.⌠...# ..#.............
.8.>.8..# #.#...##.†......
..⌠.⌠..## #...#..#........
.8.8.8.##.#..###.........#
..........##..#...########
....#########...#.# .).##
##.##.# .#.# #.##.#


You could see an ogre.

Vanquished Creatures
  A necrophage (D:4)
  An orc priest (D:4)
  A gnoll bouda (D:4)
  Jessica (D:2)
  Ijyb (D:3)
  An iguana (D:4)
  2 orc wizards
  4 gnolls (D:4)
  5 adders
  3 worms
  3 dart slugs
  8 orcs
  4 ball pythons
  5 endoplasms
  4 giant cockroaches
  5 goblins
  8 hobgoblins
  2 jackals (D:2)
  2 kobolds
  3 quokkas
  7 bats
  2 frilled lizards
  7 rats
80 creatures vanquished.

Notes
Turn   | Place    | Note
-------+----------+-------------------------------------------
     0 | D:1      | virigoth the Gargoyle Earth Elementalist began the quest
                  | for the Orb.
     0 | D:1      | Reached XP level 1. HP: 10/10 MP: 3/3
   118 | D:1      | Reached XP level 2. HP: 11/15 MP: 0/5
   127 | D:1      | Reached skill level 4 in Earth Magic
  1021 | D:2      | Reached XP level 3. HP: 17/19 MP: 6/6
  1067 | D:2      | Found Qaodu's Jewellery Emporium.
  1130 | D:2      | Found a faded altar of an unknown god.
  1412 | D:2      | Noticed Jessica
  1415 | D:2      | Killed Jessica
  1416 | D:2      | Reached skill level 5 in Earth Magic
  1416 | D:2      | Reached XP level 4. HP: 24/24 MP: 5/8
  1596 | D:2      | Found an opulent altar of Gozag.
  2211 | D:3      | Reached XP level 5. HP: 28/28 MP: 8/10
  2344 | D:3      | Found an iron altar of Okawaru.
  2526 | D:3      | Noticed Ijyb
  2578 | D:3      | Killed Ijyb
  2976 | D:4      | Reached skill level 6 in Earth Magic
  2978 | D:4      | Reached XP level 6. HP: 32/32 MP: 8/12
  2992 | D:4      | Found a staircase to the Ecumenical Temple.
  3009 | Temple   | Entered the Ecumenical Temple
  3150 | Temple   | Learned a level 3 spell: Stone Arrow
  3300 | D:4      | Reached skill level 1 in Conjurations
  3404 | D:4      | Mangled by an ogre

Illustrated notes

Levels and vault maps discovered:
D:1:      minmay_arrival_up_and_down, layout_rooms,
          chequers_serial_rivers_room_b, minmay_misc_feat_secret_circle
D:2:      layout_loops_cross, basic_altar, serial_shops,
          nicolae_shop_temple_entry_statues_fountains,
          hellmonk_ecumenical_altar_run_dry, uniq_jessica
D:3:      layout_loops_cross, mainiacjoe_overflow_alcove_1,
          grunt_decor_one_mirror, uniq_ijyb
D:4:      layout_loops_ring, minmay_temple_entry_statues_fountains
Temple:   sentei_temple_godly_chess

Skill      XL: |  1  2  3  4  5  6 |
---------------+-------------------+-----
Earth Magic    | 4 5 6 |  6.7
Spellcasting   | 3 4 |  4.7
Conjurations   | 1 |  1.2
Dodging        | |  1.5
Stealth        | |  2.1
Transmutations | |  0.7

Action                   |  1- 3 |  4- 6 || total
-------------------------+-------+-------++-------
Melee: Unarmed           |     4 |    11 ||    15
       Staff             |    50 |    18 ||    68
       Dagger            |    15 |       ||    15
       Flail             |       |    12 ||    12
 Cast: Sandblast         |    22 |    62 ||    84
       Stone Arrow       |       |     1 ||     1
  Use: Scroll            |     2 |     1 ||     3
 Stab: Sleeping          |     1 |     1 ||     2
Armor: Robe              |     4 |    20 ||    24
       Ring mail         |    31 |       ||    31
       Skin              |       |     1 ||     1
Dodge: Dodged            |    65 |    44 ||   109
